 Dungeon Crawl Stone Soup version 0.28-a0-691-gad6df49e81 (webtiles) character file.

Game seed: 6211297147165395689

17669 Rennog the Fighter (level 12, -19/77 HPs)
             Began as a Gargoyle Fighter on Oct 22, 2021.
             Was the Champion of Hepliaklqana.
             Killed by Lee's Rapid Deconstruction
             ... invoked by Jorgrun
              (25 damage)
             ... on level 12 of the Dungeon on Oct 23, 2021.
             The game lasted 00:32:07 (15769 turns).

Rennog the Fighter (Gargoyle Fighter)              Turns: 15769, Time: 00:32:08

Health: -19/77     AC: 28    Str: 28    XL:     12   Next: 50%
Magic:  14/14      EV:  9    Int: 10    God:    Hepliaklqana [******]
Gold:   57         SH:  0    Dex: 14    Spells: 11/11 levels left

rFire   . . .      SeeInvis .   d - +5 great mace "Impslayer" {freeze, Fly Str+7 Dex-4}
rCold   . . .      Faith    .   (shield currently unavailable)
rNeg    + + .      Spirit   .   M - +0 plate armour
rPois   ∞          Reflect  .   s - +0 helmet
rElec   +          Harm     .   t - +1 cloak {rCorr}
rCorr   +          Rampage  .   z - +0 pair of gloves
Will    +++..      Clarity  +   (no boots)
Stlth   ..........              O - amulet of the Four Winds {rN+ Will+++ Clar}
HPRegen 0.22/turn               P - +6 ring of dexterity
MPRegen 0.14/turn               (no ring)

@: flying
A: reduced essence, sickness immunity, AC +8, negative energy resistance 1,
electricity resistance, torment resistance 1, petrification resistance
a: Renounce Religion, Recall Ancestor, Ancestor Identity, Transference, Idealise


You were on level 12 of the Dungeon.
You worshipped Hepliaklqana.
Hepliaklqana was exalted by your worship.
You visited 1 branch of the dungeon, and saw 12 of its levels.
You also visited: Bailey.

You collected 717 gold pieces.
You spent 660 gold pieces at shops.

Inventory:

Hand Weapons
 a - a +0 flail
 d - the +5 great mace "Impslayer" (weapon) {freeze, Fly Str+7 Dex-4}
   (You found it in a bailey)

   It freezes those it strikes, dealing additional cold damage.
   It can also slow down cold-blooded creatures.
   Str:       It affects your strength (+7).
   Dex:       It affects your dexterity (-4).
   Fly:       It grants you flight.
 r - the +8 flail of Fortitude {flame, rElec rC+ Will++}
   (You bought it in a shop on level 2 of the Dungeon)

   It burns those it strikes, dealing additional fire damage.
   rC:        It protects you from cold.
   rElec:     It insulates you from electricity.
   Will:      It greatly increases your willpower.
Armour
 b - a +0 scale mail
 c - a +0 buckler
 p - a +0 chain mail
 s - a +0 helmet (worn)
 t - a +1 cloak of preservation (worn)
 z - a +0 pair of gloves (worn)
 M - a +0 plate armour (worn)
Jewellery
 q - a ring of resist corrosion
 E - an amulet of magic regeneration
 O - the amulet of the Four Winds (around neck) {rN+ Will+++ Clar}
   (You bought it in a shop on level 4 of the Dungeon)

   [amulet of nothing]

   rN:        It protects you from negative energy.
   Clar:      It protects you against confusion.
   Will:      It greatly increases your willpower.
 P - a +6 ring of dexterity (left hand)
Wands
 y - a wand of flame (16)
 C - a wand of polymorph (17)
 F - a wand of acid (2)
 L - a wand of charming (8)
 N - a wand of iceblast (5)
 Q - a wand of mindburst (17)
Scrolls
 g - a scroll of blinking
 h - 2 scrolls of torment
 j - a scroll of brand weapon
 l - 3 scrolls of enchant armour
 o - 3 scrolls of amnesia
 x - 3 scrolls of noise
 A - 2 scrolls of magic mapping
 B - a scroll of silence {unknown}
 D - a scroll of fog {unknown}
 H - 8 scrolls of identify
 I - a scroll of enchant weapon {unknown}
 J - 2 scrolls of teleportation {unknown}
Potions
 e - 10 potions of curing
 f - 4 potions of ambrosia {unknown}
 i - a potion of haste
 k - 4 potions of heal wounds
 m - 2 potions of brilliance {unknown}
 n - 2 potions of attraction {unknown}
 u - a potion of lignification {unknown}
 w - a potion of invisibility {unknown}
 K - a potion of degeneration {unknown}
Miscellaneous
 v - a piece from Xom's chessboard (15/15)
 G - a box of beasts


   Skills:
 * Level 14.7 Fighting
 * Level 11.0 Maces & Flails
 - Level 9.2 Armour
 - Level 4.6 Dodging
 - Level 5.4 Shields
 - Level 3.5 Invocations


You had 11 spell levels left.
You didn't know any spells.
Your spell library contained the following spells:

 Spells                   Type           Power      Damage    Failure   Level
 Magic Dart               Conj           0%         1d3       97%         1
 Pain                     Necr           0%         1d4       97%         1
 Call Imp                 Summ           0%         N/A       99%         2
 Frozen Ramparts          Ice            0%         1d2       100%        3
 Mephitic Cloud           Conj/Pois/Air  0%         N/A       100%        3
 Airstrike                Air            0%         N/A       100%        4
 Ice Form                 Ice/Tmut       0%         N/A       100%        4
 Passage of Golubria      Tloc           0%         N/A       100%        4
 Summon Ice Beast         Ice/Summ       0%         N/A       100%        4
 Summon Lightning Spire   Summ/Air       0%         N/A       100%        4
 Agony                    Necr           0%         N/A       100%        5
 Excruciating Wounds      Necr           0%         N/A       100%        5
 Lightning Bolt           Conj/Air       0%         1d11      100%        5
 Silence                  Hex/Air        0%         N/A       100%        5
 Lehudib's Crystal Spear  Conj/Erth      0%         10d2      100%        8


Dungeon Overview and Level Annotations

Branches:
Dungeon (12/15)            Temple (0/1) D:6            Lair (0/6) D:8
    Orc (0/2) D:12         Bailey (visited)

Altars:
Dithmenos
Fedhas
Hepliaklqana
Vehumet
Wu Jian
Xom
The Shining One

Shops:
D:2 *   D:4 =

Annotations:
D:12 Jorgrun


Innate Abilities, Weirdness & Mutations

Your life essence is reduced to manifest your ancestor. (-10% HP)
You are immune to sickness and miasma.
Your stone body is resilient. (AC +8)
You are immune to poison.
You resist negative energy. (rN+)
You are resistant to electric shocks. (rElec)
You are resistant to unholy torment.
You are immune to petrification.


Message History

Tortuga points at the brown ugly thing and mumbles some strange words.
The brown ugly thing appears confused.
You catch the helpless brown ugly thing completely off-guard!
You thump the brown ugly thing! You freeze the brown ugly thing.
You kill the brown ugly thing!
Jorgrun gestures next to you while chanting.
The wall shatters!
The blast of rock fragments hits Tortuga!!
The blast of rock fragments hits you but does no damage.
The grasping roots constrict you.
Tortuga gestures at Jorgrun while chanting.
Jorgrun resists with almost no effort.
Your Maces & Flails skill increases to level 11!
The grasping roots constrict you.
Tortuga closely misses Jorgrun.
You barely miss Jorgrun. Jorgrun hits you but does no damage.
The grasping roots constrict you!
* * * LOW HITPOINT WARNING * * *
Tortuga misses Jorgrun.
Blink to where?
Press: ? - help, Dir - move target You escape the roots' grasp.
As you read the scroll of blinking, it crumbles to dust.
Something hits Tortuga!
You hear a grinding noise.
You hear a grinding noise.
Jorgrun casts a spell next to you.
The wall shatters!
The blast of rock fragments hits you!!
* * * LOW HITPOINT WARNING * * *
Jorgrun casts a spell at the rock wall.
You hear a grinding noise.
You hear a grinding noise.
You hear a grinding noise.
You hear a grinding noise.
You hear a grinding noise.
You hear a grinding noise.
You hear a grinding noise.
There is a stone staircase leading up here.
Jorgrun casts a spell at you.
You shatter!!
You die...

# #.......# #...#
.# # #......## ####
#..##.# # #.....##
##..##...g..#
##....#
##......#..#.#
###..#
##......#...#.
##.###.........#..#
#..###........##.##
##.###.........#..#
#..##..@.......#.##
##.###.......)....#
#..##............##
##.##.............#
######.......[####
##.......#
###..#### ####


You could see Jorgrun.

Vanquished Creatures
  Gastronok (D:8)
  A hydra (D:11)
  A two-headed ogre (D:11)
  2 death yaks (D:7)
  A skeletal warrior (D:12)
  An orc knight (Bailey)
  2 ugly things
  A cyclops (D:11)
  2 gargoyles
  2 kobold demonologists (D:11)
  An efreet (D:8)
  A hornet (D:8)
  2 trolls
  3 slime creatures
  A wyvern (D:11)
  A wraith (D:8)
  8 yaks
  An acid dragon (D:9)
  7 orc warriors
  3 water moccasins
  A black bear (D:8)
  A sky beast (D:8)
  7 centaurs
  An ogre (D:6)
  A phantom (D:5)
  2 bullfrogs
  2 gnoll sergeants
  A wyvern zombie (D:8)
  5 killer bees
  8 electric eels
  11 wights
  4 centaur zombies
  4 orc priests
  2 jellies
  Crazy Yiuf (D:4)
  A centaur skeleton (D:7)
  3 hounds
  A bullfrog skeleton (D:6)
  3 iguanas (D:6)
  5 orc wizards
  A hexer (Bailey)
  3 killer bee zombies
  A howler monkey zombie (D:6)
  3 gnolls (D:9)
  7 adders
  An adder skeleton (D:4)
  4 dart slugs
  23 orcs
  6 ball pythons
  5 endoplasms
  3 giant cockroaches
  4 hobgoblins
  8 kobolds
  A quokka (D:1)
  7 bats
  7 frilled lizards
  5 goblins
  6 rats
201 creatures vanquished.

Vanquished Creatures (collateral kills)
  A centaur warrior (D:8)
  A death yak (D:7)
  Maurice (D:9)
  A centaur zombie (D:10)
  A komodo dragon (D:12)
  3 yaks
  An acid dragon (D:8)
  A water moccasin (D:7)
  A sky beast (D:6)
  A necrophage (D:5)
  A phantom (D:6)
  2 kobold brigands (D:11)
  2 bullfrogs (D:8)
  A scorpion (D:7)
  A killer bee (D:10)
  2 wights (D:8)
  A centaur skeleton (D:5)
  3 orc priests
  2 iguanas
  3 orc wizards
  A hound skeleton (D:5)
  12 orcs
  A giant cockroach (D:2)
  A goblin (D:1)
  A hobgoblin (Bailey)
  4 kobolds
  A quokka (D:5)
  A bat (D:3)
  3 frilled lizards (D:5)
55 creatures vanquished.

Vanquished Creatures (others)
  10 hexers
  An ancestor (D:1)
  61 plants
72 creatures vanquished.

Grand Total: 328 creatures vanquished

Notes
Turn   | Place    | Note
-------+----------+-------------------------------------------
     0 | D:1      | Rennog the Gargoyle Fighter began the quest for the Orb.
     0 | D:1      | Reached XP level 1. HP: 14/14 MP: 1/1
   262 | D:1      | Reached XP level 2. HP: 19/19 MP: 2/2
   356 | D:1      | Found a faded altar of an unknown god.
   444 | D:1      | Prayed at the altar of an unknown god.
   444 | D:1      | Became a worshipper of Hepliaklqana the Forgotten
   444 | D:1      | Reached * piety under Hepliaklqana
   962 | D:2      | Reached skill level 4 in Fighting
   962 | D:2      | Reached XP level 3. HP: 21/21 MP: 3/3
  1368 | D:2      | Reached ** piety under Hepliaklqana
  1369 | D:2      | Remembered your ancestor Tortuga as a hexer
  1597 | D:2      | Found Herytz's Assorted Antiques.
  1836 | D:3      | Reached XP level 4. HP: 26/27 MP: 4/4
  2127 | D:3      | Found a radiant altar of Vehumet.
  2127 | D:3      | Found a glowing golden altar of the Shining One.
  2772 | D:4      | Found Xexaatre's Jewellery Shoppe.
  2837 | D:4      | Reached skill level 5 in Fighting
  2837 | D:4      | Reached XP level 5. HP: 31/31 MP: 5/5
  3070 | D:4      | Found a runed translucent door.
  3071 | D:4      | Noticed Crazy Yiuf
  3334 | D:5      | Entered Level 5 of the Dungeon
  3380 | D:5      | Reached *** piety under Hepliaklqana
  3385 | D:5      | Noticed a phantom
  3396 | D:5      | Killed a phantom
  3397 | D:5      | Reached XP level 6. HP: 24/36 MP: 6/6
  3752 | D:5      | Noticed a necrophage
  3764 | D:5      | Killed a necrophage
  3765 | D:5      | Reached skill level 6 in Fighting
  3827 | D:5      | Reached skill level 5 in Armour
  3894 | D:5      | Reached XP level 7. HP: 42/42 MP: 7/7
  4211 | D:2      | Bought a slimy flail for 178 gold pieces
  4211 | D:2      | Identified the +8 flail of Fortitude {flame, rElec rC+
                  | Will++} (You bought it in a shop on level 2 of the Dungeon)
  4460 | D:4      | Killed Crazy Yiuf
  4845 | D:6      | Reached skill level 1 in Dodging
  4848 | D:6      | Reached skill level 7 in Fighting
  5321 | D:6      | Reached XP level 8. HP: 47/47 MP: 8/8
  5787 | D:6      | Reached **** piety under Hepliaklqana
  5809 | D:6      | Found a staircase to the Ecumenical Temple.
  5977 | D:6      | Reached skill level 8 in Fighting
  6073 | D:6      | Reached skill level 5 in Maces & Flails
  6428 | D:7      | Reached XP level 9. HP: 18/54 MP: 9/9
  6678 | D:7      | Reached skill level 9 in Fighting
  7213 | D:7      | Reached ***** piety under Hepliaklqana
  7548 | D:8      | Noticed a centaur warrior
  7561 | D:8      | Killed a centaur warrior
  7861 | D:8      | Found a shadowy altar of Dithmenos.
  8019 | D:8      | Noticed a hornet
  8028 | D:8      | Killed a hornet
  8029 | D:8      | Reached skill level 10 in Fighting
  8041 | D:8      | Reached XP level 10. HP: 39/61 MP: 10/12
  8582 | D:8      | Found a shimmering altar of Xom.
  8595 | D:8      | Noticed a death yak
  8596 | D:8      | Found a staircase to the Lair.
  8596 | D:8      | Noticed a death yak
  8596 | D:8      | Noticed a death yak
  8797 | D:8      | Found an ornate altar of the Wu Jian Council.
  9336 | D:8      | Reached skill level 11 in Fighting
  9520 | D:7      | Killed a death yak
  9702 | D:7      | Killed a death yak
  9893 | D:7      | Killed a death yak
  9898 | D:7      | Reached XP level 11. HP: 50/68 MP: 13/13
 10062 | D:8      | Noticed Gastronok
 10261 | D:9      | Noticed Maurice
 10268 | D:9      | Reached skill level 12 in Fighting
 10281 | D:9      | Killed Maurice
 10348 | D:9      | You fall into a shaft and drop 1 floor!
 10348 | D:10     | Entered Level 10 of the Dungeon
 10362 | D:9      | Reached skill level 5 in Shields
 10652 | D:9      | Found a flagged portal.
 10661 | Bailey   | Entered a bailey
 10789 | Bailey   | Noticed an orc knight
 10830 | Bailey   | Killed an orc knight
 10994 | Bailey   | Found a bloodstained altar of Trog.
 11001 | Bailey   | Identified the +5 great mace "Impslayer" {freeze, Fly Str+7
                  | Dex-4}
 12687 | D:10     | Reached skill level 13 in Fighting
 13270 | D:11     | Noticed a cyclops
 13289 | D:11     | Killed a cyclops
 13429 | D:11     | Noticed a five-headed hydra
 13436 | D:11     | Killed a five-headed hydra
 13477 | D:11     | Noticed a red ugly thing
 13536 | D:10     | Killed a red ugly thing
 13815 | D:11     | Reached XP level 12. HP: 62/75 MP: 14/14
 13950 | D:11     | Noticed a two-headed ogre
 13957 | D:11     | Killed a two-headed ogre
 13961 | D:11     | Reached skill level 10 in Maces & Flails
 14047 | D:11     | Found a blossoming altar of Fedhas.
 14128 | D:11     | Reached skill level 14 in Fighting
 14353 | D:8      | Killed Gastronok
 14490 | D:4      | Bought the amulet of the Four Winds {rN+ Will+++ Clar} for
                  | 482 gold pieces
 14490 | D:4      | Found the amulet of the Four Winds {rN+ Will+++ Clar}
 15342 | D:12     | Reached ****** piety under Hepliaklqana
 15420 | D:12     | HP: 3/77 [skeletal warrior (13)]
 15725 | D:12     | Found a staircase to the Orcish Mines.
 15725 | D:12     | Noticed Jorgrun
 15750 | D:12     | HP: 2/77 [Jorgrun/blast of rock fragments (24)]
 15769 | D:12     | Killed from afar by Jorgrun

Illustrated notes

Levels and vault maps discovered:
D:1:      kennysheep_arrival_seaside, layout_basic, basic_ecumenical_altar
D:2:      layout_basic, serial_shops, shop
D:3:      layout_loops_ring, gammafunk_temple_overflow_elements
D:4:      layout_loops_cross, serial_shops, nicolae_shop_waterfront,
          uniq_crazy_yiuf_cottage
D:5:      layout_cave_pods, minmay_lizard_king
D:6:      layout_loops_ring, temple_hall, portal_sewer_entry_e,
          kennysheep_generic_room_4
D:7:      layout_loops_corners, serial_bayou, serial_bayou_pond_d,
          serial_bayou_lagoon_a, serial_bayou_pond_c, serial_bayou_pond_b
D:8:      cheibrodos_barr_body, layout_loops_corners,
          nicolae_wu_jian_glorious_leap, mainiacjoe_overflow_six_doors_small,
          marbit_many_paths, mainiacjoe_overflow_brackets, dpeg_lair_monsters,
          uniq_gastronok
D:9:      layout_layer_cave, enter_bailey_1, special_room [special_room_orc],
          hellmonk_bongcloud_opening, serial_bayou_lagoon_b, uniq_maurice
D:10:     layout_stronghold, serial_bayou_ford_a, mrwooster_statue_mirror
D:11:     layout_cave_pools, portal_ice_cave_entry_pillars_1,
          fedhas_ov_isle_minmay
D:12:     layout_cave_pods, orc_0_dummy, uniq_jorgrun

Skill      XL: |  1  2  3  4  5  6  7  8  9 10 11 12 |
---------------+-------------------------------------+-----
Fighting       | 4 5 6 7 8 10 11 13 14 | 14.7
Armour         | 4 5 6 7 8 9 |  9.2
Maces & Flails | 3 4 5 6 7 9 11 | 11.0
Dodging        | 1 2 4 |  4.6
Invocations    | 2 3 |  3.5
Shields        | 4 5 |  5.4

Action                   |  1- 3 |  4- 6 |  7- 9 | 10-12 || total
-------------------------+-------+-------+-------+-------++-------
Melee: Flail             |    93 |   121 |   183 |   184 ||   581
       Great mace        |       |       |       |   166 ||   166
Invok: Ancestor Life: He |     1 |       |       |       ||     1
       Ancestor Identity |       |       |     2 |       ||     2
       Recall Ancestor   |       |       |     1 |     3 ||     4
Evoke: Wand              |       |       |       |     3 ||     3
  Use: Scroll            |       |       |       |    10 ||    10
       Potion            |       |       |       |     3 ||     3
 Stab: Confused          |       |       |     1 |     5 ||     6
       Distracted        |       |       |       |     1 ||     1
Armor: Scale mail        |    44 |    15 |       |       ||    59
       Chain mail        |       |    42 |   121 |   249 ||   412
       Plate armour      |       |       |       |    39 ||    39
Dodge: Dodged            |    42 |    41 |    74 |   206 ||   363
Block: Buckler           |     7 |    32 |    28 |    51 ||   118

Table legend: (Time is in decaauts)
 A = Elapsed time spent in this place.
 B = Non-inter-level travel time spent in this place.
 C = Inter-level travel time spent in this place.
 D = Time resting spent in this place.
 E = Time spent auto-exploring this place.
 F = Levels seen in this place.
 G = Mean time per level.
                   A        B        C        D        E       F      G
               +--------+--------+--------+--------+--------+-----+--------+
         Total |  15945 |  14044 |   1901 |   1650 |  10058 |  13 | 1226.5 |
       Dungeon |  15578 |  13677 |   1901 |   1532 |   9946 |  12 | 1298.2 |
        Bailey |    366 |    366 |      0 |    118 |    112 |   1 |  366.0 |
               +--------+--------+--------+--------+--------+-----+--------+

Top non-repeatable levels by time:
     D:7: 2317 daAuts
     D:8: 2037 daAuts
     D:9: 1553 daAuts
     D:5: 1427 daAuts
    D:10: 1373 daAuts
    D:11: 1218 daAuts
     D:4: 1150 daAuts
     D:6: 1080 daAuts
     D:1: 1077 daAuts
     D:3: 921 daAuts
     D:2: 844 daAuts
    D:12: 577 daAuts
  Bailey: 366 daAuts
